 Dungeon Crawl Stone Soup version 0.31.0-11-ge490571c62 (webtiles) character file.

Game seed: 11607696706855279914

282 Flugkiller the Firebug (level 6, -3/45 HPs)
             Began as a Ghoul Fire Elementalist on Jan 29, 2024.
             Was an Initiate of Vehumet.
             Slain by an iguana (8 damage)
             ... on level 5 of the Dungeon.
             The game lasted 00:04:11 (4847 turns).

Flugkiller the Firebug (Ghoul Fire Elementalist)    Turns: 4847, Time: 00:04:11

Health: -3/45      AC:  9    Str: 12    XL:     6   Next: 28%
Magic:  8/10       EV: 12    Int: 22    God:    Vehumet [......]
Gold:   128        SH:  0    Dex:  9    Spells: 10/11 levels left

rFire   . . .        g - +0 dagger (speed)
rCold   + . .        (no shield)
rNeg    + + +        a - +0 robe
rPois   ∞            (no helmet)
rElec   .            o - +2 cloak
rCorr   .            (no gloves)
SInv    .            (no boots)
Will    .....        (no amulet)
Stlth   ++           p - +4 ring of protection
HPRegen 0.00/turn    c - +6 ring of intelligence
MPRegen 0.12/turn

%: no passive effects
@: inhibited regen
A: claws 1, cold resistance 1, negative energy resistance 3, inhibited
regeneration, torment resistance 2, devour on kill
a: Renounce Religion


You were on level 5 of the Dungeon.
You worshipped Vehumet.
Vehumet was noncommittal.
You visited 2 branches of the dungeon, and saw 6 of its levels.

You collected 230 gold pieces.
You spent 102 gold pieces at shops.

Inventory:

Hand Weapons
 g - a +0 dagger of speed (weapon)
   (You took it off a goblin on level 1 of the Dungeon)
Armour
 a - a +0 robe (worn)
 o - a +2 cloak (worn)
   (You found it on level 2 of the Dungeon)
Jewellery
 c - a +6 ring of intelligence (right claw)
   (You bought it in a shop on level 1 of the Dungeon)
 p - a +4 ring of protection (left claw)
   (You found it on level 3 of the Dungeon)
Wands
 l - a wand of flame (19)
   (You found it on level 2 of the Dungeon)
Scrolls
 i - a scroll of immolation
 j - a scroll of amnesia
 q - a scroll of revelation {unknown}
 s - a scroll of vulnerability {unknown}
 u - a scroll of brand weapon {unknown}
 v - a scroll of enchant weapon {unknown}
Potions
 d - a potion of ambrosia
 e - a potion of cancellation
 f - a potion of enlightenment {unknown}
 h - a potion of heal wounds {unknown}
 k - 4 potions of attraction {unknown}
 m - a potion of haste {unknown}
 t - a potion of invisibility {unknown}


   Skills:
 - Level 1.7 Dodging
 - Level 2.1 Stealth
 + Level 3.0 Spellcasting
 + Level 2.4 Conjurations
 * Level 4.3 Fire Magic


You had 10 spell levels left.
You knew the following spells:

 Your Spells              Type           Power      Damage    Failure   Level
a - Foxfire               Conj/Fire      72%        2x1d7     3%          1

Your spell library contained the following spells:

 Spells                   Type           Power      Damage    Failure   Level
 Scorch                   Fire           44%        2d6       3%          2
 Inner Flame              Hex/Fire       12%        N/A       16%         3
 Volatile Blastmotes      Fire/Tloc      24%        2d12      16%         3
 Cigotuvi's Dreadful Rot  Necr/Alch/Air  6%         N/A       19%         2
 Ensorcelled Hibernation  Hex/Ice        6%         N/A       19%         2
 Flame Wave               Conj/Fire      18%        2d7       30%         4
 Fugue of the Fallen      Necr           3%         N/A       36%         3
 Ignite Poison            Fire/Alch      12%        N/A       45%         4
 Anguish                  Hex/Necr       1%         N/A       77%         4
 Freezing Cloud           Conj/Ice/Air   3%         6-21      94%         5


Dungeon Overview and Level Annotations

Branches:
Dungeon (5/15) Zot: 25239  Temple (1/1) D:4 Zot: 5940

Altars:
Ashenzari
Cheibriados
Dithmenos
Fedhas
Qazlal
Ru
Sif Muna
Trog
Vehumet
Yredelemnul

Shops:
D:1 *(*

Portals:
Abyss: D:4

Annotations:
D:4 2 transporters, Sapher's ghost, weakling AtEn


Innate Abilities, Weirdness & Mutations

You are immune to poison.
You have sharp fingernails.
Your flesh is cold resistant. (rC+)
You are immune to negative energy. (rN+++)
You do not regenerate when monsters are visible.
You are immune to unholy pain and torment.
You thrive by killing the living.


Message History

Confirm with . or Enter, or press ? or * to list all spells.
You conjure some foxfire!
The sleepcap closely misses you.
The iguana bites you but does no damage.
Casting: Foxfire (safe; 3% risk of failure)
Confirm with . or Enter, or press ? or * to list all spells.
You conjure some foxfire!
The foxfire hits the sleepcap but does no damage.
The sleepcap is heavily damaged.
The foxfire hits the sleepcap but does no damage.
The sleepcap is heavily damaged.
The sleepcap releases spores at you but does no damage.
The iguana barely misses you.
Casting: Foxfire (safe; 3% risk of failure)
Confirm with . or Enter, or press ? or * to list all spells.
You don't know that spell.
You hit the sleepcap but do no damage.
The sleepcap is heavily damaged.
The foxfire hits the sleepcap.
The sleepcap is severely damaged.
The foxfire hits the sleepcap.
The sleepcap is almost destroyed.
The sleepcap misses you. The iguana closely misses you.
You hit the sleepcap.
The sleepcap is almost destroyed.
The sleepcap releases spores at you but does no damage.
The iguana barely misses you.
You hit the sleepcap.
You destroy the sleepcap!
Vehumet accepts your kill.
You feel better.
Casting: Foxfire (safe; 3% risk of failure)
Confirm with . or Enter, or press ? or * to list all spells.
You conjure some foxfire!
The iguana bites you.
Casting: Foxfire (safe; 3% risk of failure)
Confirm with . or Enter, or press ? or * to list all spells.
You conjure some foxfire!
The foxfire hits the iguana.
The iguana is lightly wounded.
The foxfire hits the iguana but does no damage.
The iguana is lightly wounded.
The iguana bites you.
Your magical contamination has completely faded away.
You hit the iguana.
The iguana is lightly wounded.
The foxfire hits the iguana but does no damage.
The iguana is lightly wounded.
The foxfire hits the iguana.
The iguana is moderately wounded.
The iguana bites you.
You are too injured to fight recklessly!
You hit the iguana but do no damage.
The iguana is moderately wounded.
The iguana closely misses you.
You are too injured to fight recklessly!
You closely miss the iguana.
The iguana is moderately wounded.
You are too injured to fight recklessly!
You hit the iguana but do no damage.
The iguana is moderately wounded.
The iguana misses you.
You hit the iguana.
The iguana is moderately wounded.
The iguana misses you.
Casting: Foxfire (safe; 3% risk of failure)
Confirm with . or Enter, or press ? or * to list all spells.
You conjure some foxfire!
The iguana bites you but does no damage.
Casting: Foxfire (safe; 3% risk of failure)
Confirm with . or Enter, or press ? or * to list all spells.
You don't have enough magic to cast this spell.
You hit the iguana but do no damage.
The iguana is moderately wounded.
The foxfire hits the iguana.
The iguana is heavily wounded.
The foxfire hits the iguana but does no damage.
The iguana is heavily wounded.
The iguana hisses menacingly.
The iguana bites you!
You are too injured to fight recklessly!
You hit the iguana.
The iguana is heavily wounded.
You hit the iguana.
The iguana is severely wounded.
The iguana bites you.
* * * LOW HITPOINT WARNING * * *
Magic courses through your body. The iguana bites you!
* * * LOW HITPOINT WARNING * * *
Casting: Foxfire (safe; 3% risk of failure)
Confirm with . or Enter, or press ? or * to list all spells.
You don't know that spell.
Casting: Foxfire (safe; 3% risk of failure)
Confirm with . or Enter, or press ? or * to list all spells.
You conjure some foxfire!
The iguana barely misses you.
The foxfire hits the iguana.
The iguana is severely wounded.
The foxfire hits the iguana but does no damage.
The iguana is severely wounded.
Casting: Foxfire (safe; 3% risk of failure)
Confirm with . or Enter, or press ? or * to list all spells.
You conjure some foxfire!
The iguana bites you!
You die...

#..........# .
#..........# ..
#..........# ...
#....<.....#
....###.####...#
#.... #.####+####.
#.....#...§.......
#.....'..lvv......
#.....#..§@....##
#.... #+####...#
#### ..# .# #


You could see an iguana (ally target).

Vanquished Creatures
  3 bombardier beetles (D:4)
  A hound (D:4)
  A sleepcap (D:5)
  2 adders (D:2)
  2 gnolls (D:4)
  2 ufetubi (D:5)
  A dart slug (D:1)
  2 ribbon worms
  5 orcs (D:4)
  6 ball pythons
  7 bats
  4 endoplasms
  3 giant cockroaches
  11 goblins
  7 hobgoblins
  4 kobolds
  3 frilled lizards
  4 rats
68 creatures vanquished.

Vanquished Creatures (others)
  254 foxfires
254 creatures vanquished.

Grand Total: 322 creatures vanquished

Notes
Turn   | Place    | Note
-------+----------+-------------------------------------------
     0 | D:1      | Flugkiller the Ghoul Fire Elementalist began the quest for
                  | the Orb.
     0 | D:1      | Reached XP level 1. HP: 14/14 MP: 3/3
    59 | D:1      | Reached skill level 1 in Conjurations
   123 | D:1      | Reached XP level 2. HP: 20/20 MP: 0/4
   230 | D:1      | Found Vaecsom's Assorted Antiques.
   238 | D:1      | Found Atooshel's Antique Weapon Emporium.
   654 | D:1      | Found Tyugor's General Store.
  1026 | D:1      | Reached XP level 3. HP: 26/26 MP: 3/6
  1086 | D:2      | Reached skill level 3 in Fire Magic
  1589 | D:2      | Found a faded altar of an unknown god.
  1796 | D:3      | Reached XP level 4. HP: 33/33 MP: 5/7
  2668 | D:4      | Found a transporter.
  2681 | D:4      | Found a one-way gate to the infinite horrors of the Abyss.
  2681 | D:4      | Noticed Sapher's ghost (weakling AtEn)
  2682 | D:4      | Noticed a small abomination
  2691 | D:4      | Noticed a small abomination
  2813 | D:4      | Found a transporter.
  2869 | D:4      | Reached XP level 5. HP: 12/38 MP: 2/8
  3428 | D:4      | Reached skill level 4 in Fire Magic
  3615 | D:4      | Found a staircase to the Ecumenical Temple.
  3858 | Temple   | Entered the Ecumenical Temple
  3888 | Temple   | Became a worshipper of Vehumet
  4114 | D:4      | Reached XP level 6. HP: 30/45 MP: 4/10
  4620 | D:1      | Bought a steel ring for 85 gold pieces
  4621 | D:1      | Bought a scroll labelled CUOTWO HISOI for 17 gold pieces
  4693 | D:5      | Entered Level 5 of the Dungeon
  4693 | D:5      | Noticed a water moccasin
  4847 | D:5      | Slain by an iguana

Illustrated notes

Levels and vault maps discovered:
D:1:      eino_arrival_tree_alley, layout_basic, serial_shops, shop, shop, shop,
          minmay_liquid_box
D:2:      layout_rooms, basic_ecumenical_altar
D:3:      layout_loops_corners
D:4:      layout_layer_cave, minmay_temple_entry_gardened_gates,
          gammafunk_ghost_abyssal_escape, serial_glass, glass_columns_a,
          glass_columns_b, due_unseen_surprise, feat_on_display, nicolae_titane
D:5:      layout_gridville, grunt_decor_cap, minmay_circle_x,
          uniq_prince_ribbit1
Temple:   minmay_temple_curvy_loop

Skill      XL: |  1  2  3  4  5  6 |
---------------+-------------------+-----
Conjurations   | 1 2 |  2.4
Spellcasting   | 2 3 |  3.0
Fire Magic     | 3 4 |  4.3
Dodging        | |  1.7
Stealth        | |  2.1

Action                     |  1- 3 |  4- 6 || total
---------------------------+-------+-------++-------
  Melee: Unarmed           |     9 |       ||     9
         Dagger            |    51 |    51 ||   102
   Cast: Foxfire           |    57 |   107 ||   164
    Use: Scroll            |       |     8 ||     8
         Potion            |       |     1 ||     1
 Armour: Robe              |    59 |    58 ||   117
  Dodge: Dodged            |    69 |    54 ||   123
